 Dungeon Crawl Stone Soup version 0.30-b1-2-g02819fbbbe (webtiles) character file.

Game seed: 9906256176461180890

53 Fartwhistle the Changer (level 3, -1/34 HPs)
             Began as an Octopode Transmuter on June 8, 2023.
             Slain by a gnoll
             ... wielding a +0 spear
              (2 damage)
             ... on level 2 of the Dungeon.
             The game lasted 00:01:48 (1578 turns).

Fartwhistle the Changer (Octopode Transmuter)       Turns: 1578, Time: 00:01:48

Health: -1/34      AC: 21    Str:  9    XL:     3   Next: 89%
Magic:  7/7        EV:  2    Int: 17    God:
Gold:   126        SH:  0    Dex: 12    Spells: 1/7 levels left

rFire   . .          .
                       - Unarmed
rCold   . . .        (no shield)
rNeg    . . .        (helmet currently unavailable)
rPois   +            (no amulet)
rElec   .            (no ring)
rCorr   .            (no ring)
SInv    .            (no ring)
Will    .....        (no ring)
Stlth   +            (no ring)
HPRegen 0.25/turn    (no ring)
MPRegen 0.10/turn    (no ring)
                     (no ring)

%: no passive effects
@: tree-form
A: stationary, stasis, torment immunity, boosted hp, almost no armour,
(amphibious), 8 rings, (camouflage 1), (gelatinous body 1), (nimble swimmer 1),
(tentacles)
a: no special abilities


You were on level 2 of the Dungeon.
You were a tree.
You visited 1 branch of the dungeon, and saw 2 of its levels.

You collected 126 gold pieces.

Inventory:

Missiles
 k - 11 poisoned darts
Scrolls
 b - a scroll of blinking {unknown}
 c - 2 scrolls of enchant armour {unknown}
 e - 2 scrolls of teleportation {unknown}
 f - a scroll of enchant weapon {unknown}
 g - a scroll of fog {unknown}
 m - a scroll of magic mapping {unknown}
Potions
 d - a potion of heal wounds {unknown}
 h - a potion of brilliance {unknown}
 i - a potion of ambrosia {unknown}
 j - a potion of flight
 l - a potion of cancellation {unknown}
 n - a potion of invisibility {unknown}


   Skills:
 - Level 1.0 Fighting
 - Level 2.0 Dodging
 - Level 3.0 Unarmed Combat
 + Level 2.6 Spellcasting
 * Level 3.4 Transmutations
 + Level 0.6 Poison Magic


You had one spell level left.
You knew the following spells:

 Your Spells              Type           Power      Damage    Failure   Level
a - Beastly Appendage     Tmut           26%        N/A       4%          1
b - Wereblood             Tmut           13%        N/A       7%          2
c - Spider Form           Tmut/Pois      9%         N/A       24%         3

Your spell library contained the following spells:

 Spells                   Type           Power      Damage    Failure   Level
 Ice Form                 Ice/Tmut       8%         N/A       65%         4


Dungeon Overview and Level Annotations

Branches:
Dungeon (2/15)

Altars:


Innate Abilities, Weirdness & Mutations

You are a tree.
Your roots penetrate the ground, keeping you stationary.
You cannot be teleported.
You are immune to unholy pain and torment.
Your maximum health is greatly increased.
You cannot wear most types of armour.
((You are amphibious.))
You can wear up to eight rings at the same time.
((Your skin changes colour to match your surroundings (Stealth+).))
((Your rubbery body absorbs attacks. (AC +1, EV +1)))
((You are camouflaged when in or above water. (Stealth+)))
((You have tentacles for arms and can constrict up to eight enemies at once.))


Message History

A gnoll comes into view. It is wielding a +0 whip.
The frilled lizard hisses angrily.
The gnoll shouts!
A gnoll comes into view. It is wielding a +0 spear.
You barely miss the frilled lizard.
The gnoll shouts!
You grab the frilled lizard. You squeeze the frilled lizard.
You kill the frilled lizard!
You hear a shout!
A gnoll comes into view. It is wielding a +0 spear.
The gnoll shouts!
A gnoll comes into view. It is wielding a +1 heavy spear.
You barely miss the gnoll.
The gnoll shouts!
Your grab misses the gnoll.
The gnoll hits you from afar with a +0 spear.
You closely miss the gnoll. You grab the gnoll. You constrict the gnoll.
The gnoll closely misses you.
The gnoll hits you from afar with a +0 spear.
You are too injured to fight recklessly!
Unknown command.
You release your grip on the gnoll.
The gnoll closely misses you. The gnoll attacks as you move away!
The gnoll hits you with a +0 whip.
* * * LOW HITPOINT WARNING * * *
Things that are here:
a +0 whip; 3 stones; a kobold corpse Really quaff the potion of lignification?
You turn into a tree.
Your roots penetrate the ground.
The gnoll hits you but does no damage.
You barely miss the gnoll.
The gnoll is lightly wounded.
The gnoll hits you from afar with a +0 spear.
* * * LOW HITPOINT WARNING * * *
The gnoll hits you with a +0 whip.
* * * LOW HITPOINT WARNING * * *
The gnoll hits you from afar with a +0 spear.
* * * LOW HITPOINT WARNING * * *
It was a potion of flight.
Your roots keep you in place.
The gnoll hits you from afar with a +0 spear.
You die...

#.# .. #.#
## #.# #.#
#.# ####.#
#....#
#.#### #♣#
#g##########
#gg...g.....
#...........
#.†.........
#.......$...
#...........
#.######?...
#.# ###


You could see 3 gnolls.

Vanquished Creatures
  An adder (D:2)
  A dart slug (D:2)
  7 bats
  4 endoplasms
  5 giant cockroaches
  4 hobgoblins
  4 quokkas
  4 ball pythons
  4 frilled lizards
  2 kobolds
  4 rats
40 creatures vanquished.

Notes
Turn   | Place    | Note
-------+----------+-------------------------------------------
     0 | D:1      | Fartwhistle the Octopode Transmuter began the quest for the
                  | Orb.
     0 | D:1      | Reached XP level 1. HP: 13/13 MP: 3/3
    65 | D:1      | Found a faded altar of an unknown god.
   199 | D:1      | Reached XP level 2. HP: 18/18 MP: 3/5
   920 | D:2      | Reached XP level 3. HP: 6/23 MP: 6/6
  1027 | D:2      | Learned a level 2 spell: Wereblood
  1031 | D:2      | Learned a level 3 spell: Spider Form
  1577 | D:2      | HP: 1/34 [gnoll/+0 spear (4)]
  1578 | D:2      | Slain by a gnoll

Illustrated notes

Levels and vault maps discovered:
D:1:      ncdulo_watergridlock, layout_loops_ring,
          shapermc_ecumenical_altar_mp_urbaneastern, dreamdust_wishing_well,
          grunt_decor_resistance, st_stairs_4, chequers_arboretum,
          amcnicky_mini_rare_corridor_liquid
D:2:      layout_basic

Skill      XL: |  1  2 |
---------------+-------+-----
Transmutations | 3 |  3.4
Fighting       | |  1.0
Dodging        | |  2.0
Unarmed Combat | |  3.0
Spellcasting   | |  2.6
Poison Magic   | |  0.6

Action                     || total
---------------------------++-------
  Melee: Unarmed           ||    86
         Tentacles         ||    13
         Constrict         ||    23
         Kick              ||     8
         Punch             ||     5
   Cast: Beastly Appendage ||    20
         Spider Form       ||     1
    Use: Potion            ||     2
   Stab: Sleeping          ||     6
 Armour: Skin              ||     6
  Dodge: Dodged            ||    50
